 Dungeon Crawl Stone Soup version 0.26.0-11-g8f856b5395 (webtiles) character file.

Game seed: 5635331598162214742

8397 denis1488 the Destroyer (level 11, -7/74 HPs)
             Began as an Octopode Conjurer on Jan 15, 2021.
             Was a Believer of Vehumet.
             Mangled by a yaktaur captain
             ... wielding a +1 great sword of electrocution
              (15 damage)
             ... on level 9 of the Dungeon.
             The game lasted 00:27:40 (12912 turns).

denis1488 the Destroyer (Octopode Conjurer)        Turns: 12912, Time: 00:27:41

Health: -7/74      AC:  1    Str:  7    XL:     11   Next: 30%
Magic:  8/24       EV: 13    Int: 38    God:    Vehumet [**....]
Gold:   455        SH:  0    Dex: 10    Spells: 13/29 levels left

rFire    . . .     SeeInvis .   x - +6 falchion of Sequestration {vamp, rF- Int+8}
rCold    x . .     Faith    .   (no shield)
rNeg     . . .     Spirit   .   (helmet restricted)
rPois    +         Reflect  .   (no amulet)
rElec    .         Harm     .   o - +6 ring of intelligence
rCorr    .         Rampage  .   r - +4 ring of slaying
Will     .....                  t - ring of poison resistance
Stlth    +++.......             F - ring of fire
HPRegen  0.22/turn              (no ring)
MPRegen  0.19/turn              (no ring)
                                (no ring)
                                (no ring)

@: very slightly contaminated
A: almost no armour, stealthy swim, amphibious, 8 rings, constrict 8, camouflage
1, gelatinous body 1
a: Renounce Religion


You were on level 9 of the Dungeon.
You worshipped Vehumet.
Vehumet was pleased with you.
You visited 2 branches of the dungeon, and saw 10 of its levels.

You collected 455 gold pieces.

Inventory:

Hand Weapons
 a - a +1 mace of holy wrath
 e - a +1 dagger of venom
 w - a +2 short sword of speed
 x - the +6 falchion of Sequestration (weapon) {vamp, rF- Int+8}
   (You took it off an orc warrior on level 6 of the Dungeon)

   It inflicts no extra harm, but heals its wielder when it wounds a living foe.
   It affects your intelligence (+8).
   It makes you vulnerable to fire.
Missiles
 p - 6 poisoned darts (quivered)
Jewellery
 o - a +6 ring of intelligence (left tentacle)
 r - a +4 ring of slaying (right tentacle)
 t - a ring of poison resistance (on tentacle)
 F - a ring of fire (on tentacle)
Wands
 A - a wand of disintegration (13)
 E - a wand of flame (19)
Scrolls
 c - a scroll of fog
 f - a scroll of enchant weapon {unknown}
 i - 2 scrolls of teleportation
 n - a scroll of magic mapping
 q - 2 scrolls of fear
 s - 2 scrolls of enchant armour {unknown}
 u - a scroll of blinking {unknown}
 v - a scroll of amnesia
 y - a scroll of random uselessness {unknown}
 B - a scroll of immolation {unknown}
 C - 3 scrolls of remove curse
 D - 3 scrolls of identify
Potions
 b - 2 potions of haste
 d - 3 potions of flight
 g - a potion of lignification {unknown}
 h - 3 potions of heal wounds
 j - 4 potions of resistance
 k - 2 potions of attraction {unknown}
 l - 4 potions of curing {unknown}
 m - 2 potions of ambrosia
 z - a potion of might {unknown}
Miscellaneous
 G - a condenser vane


   Skills:
 + Level 6.5 Fighting
 - Level 2.0 Dodging
 - Level 2.6 Stealth
 + Level 9.5 Spellcasting
 + Level 10.9 Conjurations
 - Level 4.0 Hexes
 - Level 4.0 Translocations
 + Level 2.1 Fire Magic
 + Level 2.0 Earth Magic
 + Level 0.0 Evocations


You had 13 spell levels left.
You knew the following spells:

 Your Spells              Type           Power        Failure   Level
a - Magic Dart            Conj           100%         1%          1
b - Searing Ray           Conj           100%         1%          2
c - Fulminant Prism       Conj/Hex       33%          1%          4
d - Iskenderun's Mystic   Conj/Tloc      66%          1%          4
e - Bolt of Magma         Conj/Fire/Erth 35%          8%          5

Your spell library contained the following spells:

 Spells                   Type           Power        Failure   Level
 Frozen Ramparts          Ice            36%          6%          3
 Confusing Touch          Hex            48%          1%          3
 Dazzling Flash           Conj/Hex       100%         1%          3
 Gell's Gravitas          Tloc           24%          1%          3
 Iskenderun's Battlesphe  Conj           80%          1%          5
 Petrify                  Tmut/Erth      25%          14%         4
 Orb of Destruction       Conj           40%          21%         7
 Iron Shot                Conj/Erth      30%          22%         6
 Metabolic Englaciation   Hex/Ice        16%          26%         5
 Yara's Violent Unravell  Hex/Tmut       16%          26%         5
 Spellforged Servitor     Conj/Summ      28%          88%         7


Dungeon Overview and Level Annotations

Branches:
Dungeon (9/15)             Temple (1/1) D:6
   Lair: D:8-11         Orc: D:9-12

Altars:
Ashenzari
Cheibriados
Dithmenos
Elyvilon
Fedhas
Gozag
Hepliaklqana
Kikubaaqudgha
Makhleb
Nemelex Xobeh
Okawaru
Qazlal
Ru
Sif Muna
Trog
Uskayaw
Vehumet
Wu Jian
Xom
Yredelemnul
Zin
The Shining One

Shops:
D:4 [   D:8 *

Annotations:
D:3 1 runed translucent door, Grinder; rossy's ghost, weakling TrHu
D:7 1 exclusion


Innate Abilities, Weirdness & Mutations

You cannot wear most types of armour.
You are very stealthy in the water. (Stealth+)
You are amphibious.
You can wear up to eight rings at the same time.
You can use your tentacles to constrict eight enemies at once.
Your skin changes colour to match your surroundings (Stealth+).
Your rubbery body absorbs attacks. (AC +1, EV +1)


Message History

You feel a surge of power!
You miscast Bolt of Magma.
You are very lightly contaminated with residual magic.
Nothing appears to happen.
A stone giant comes into view.
Casting: Bolt of Magma (dangerous; 8% risk of failure)
Confirm with . or Enter, or press ? or * to list all spells.
Aiming: Bolt of Magma (dangerous; 8% risk of failure)
Press: ? - help, Shift-Dir - straight line, f/p - yaktaur captain
Aim: a yaktaur captain, wielding a +1 great sword of electrocution and quivering 18 bolts (heavily wounded, 10% to evade)
You feel a surge of power!
The bolt of magma hits the yaktaur captain!!
The yaktaur captain is almost dead.
The stone giant shouts!
The stone giant throws a large rock.
The large rock hits you!!!
Ouch! That really hurt!
* * * LOW HITPOINT WARNING * * *
The yaktaur captain hits you with a +1 great sword of electrocution!
* * * LOW HITPOINT WARNING * * *
You are electrocuted!
You die...

PP..♣♣♣♣#.##.........###....##
≈P......#..+..C..............#
PP..♣♣♣♣####...........†....##
...♣♣ #.........###.#..# .###
#####....#.# #.##.# ..♣♣ ♣♣.♣
#...##c# #....# ♣..♣♣
#♣.♣♣♣#..###.# ####.# ♣♣..♣♣
#.♣♣..#..# #.# #.# .♣♣..♣♣
#...♣.#.@###.######.#
♣.♣♣..♣♣#♣♣♣♣.#.c##*........#
.#.♣♣..♣# ♣.♣#(...(........#
.8..♣♣..#♣ ♣♣.#.......#######
..)#♣♣...♣♣♣......##.##
#.##♣..♣#..⌠♣♣#..###.#
###♣..♣♣#.♣♣♣♣#......# ♣♣♣..♣♣
#....♣#..##### ♣♣..♣♣
#♣♣♣.♣#..#


You could see a stone giant and a yaktaur captain.

Vanquished Creatures
  Harold (D:7)
  A two-headed ogre (D:9)
  A death knight (D:9)
  A cyclops (D:9)
  Joseph (D:7)
  4 slime creatures (D:9)
  A wraith (D:7)
  A wyvern (D:9)
  Menkaure (D:6)
  Edmund (D:5)
  3 ice beasts
  3 orc warriors
  2 black bears (D:8)
  2 sky beasts
  3 necrophages
  4 phantoms
  2 centaurs
  5 ogres
  2 big kobolds
  Blork the orc (D:6)
  An elf zombie (D:7)
  6 bullfrogs
  3 scorpions
  3 troll zombies (D:7)
  A water moccasin skeleton (D:7)
  2 bullfrog zombies
  A quasit (D:5)
  2 jellies (D:6)
  A centaur zombie (D:9)
  5 hounds
  5 orc priests
  3 human zombies (D:7)
  A bullfrog skeleton (D:5)
  5 iguanas
  8 orc wizards
  3 worker ants (D:5)
  An ogre zombie (D:7)
  A hound skeleton (D:4)
  A mummy (D:7)
  A howler monkey skeleton (D:4)
  6 adders
  7 gnolls
  A shadow imp (D:7)
  3 white imps (D:5)
  2 oozes
  4 ufetubi
  2 adder zombies (D:9)
  2 adder skeletons
  3 worms
  A dart slug (D:1)
  3 leopard geckos
  27 orcs
  2 ball pythons
  5 giant cockroaches
  8 goblins
  7 hobgoblins
  18 jackals
  7 quokkas
  4 bats
  8 frilled lizards
  A jackal skeleton (D:4)
  15 kobolds
  2 leopard gecko skeletons
  A quokka skeleton (D:7)
  8 rats
241 creatures vanquished.

Vanquished Creatures (others)
  38 fulminant prisms
  8 plants
46 creatures vanquished.

Grand Total: 287 creatures vanquished

Notes
Turn   | Place    | Note
-------+----------+-------------------------------------------
     0 | D:1      | denis1488 the Octopode Conjurer began the quest for the
                  | Orb.
     0 | D:1      | Reached XP level 1. HP: 11/11 MP: 3/3
   188 | D:1      | Reached skill level 1 in Fighting
   263 | D:1      | Reached XP level 2. HP: 5/18 MP: 0/5
   267 | D:1      | Learned a level 2 spell: Searing Ray
  1275 | D:2      | Reached XP level 3. HP: 25/25 MP: 2/6
  1943 | D:2      | You fall into a shaft and drop 2 floors!
  2045 | D:2      | You fall into a shaft and drop 1 floor!
  2099 | D:2      | Reached XP level 4. HP: 26/31 MP: 7/7
  2289 | D:2      | Learned a level 4 spell: Fulminant Prism
  2409 | D:2      | Reached XP level 5. HP: 38/38 MP: 2/8
  2568 | D:3      | Noticed Grinder
  2743 | D:3      | Reached skill level 5 in Fighting
  2934 | D:3      | Found a runed translucent door.
  2941 | D:3      | Noticed rossy's ghost (weakling TrHu)
  3255 | D:3      | Paralysed by Grinder for 7 turns
  3704 | D:4      | Reached XP level 6. HP: 41/45 MP: 1/10
  4278 | D:4      | Reached skill level 5 in Conjurations
  4427 | D:4      | Found Xet Hacw's Antique Armour Boutique.
  4616 | D:4      | Learned a level 4 spell: Iskenderun's Mystic Blast
  4719 | D:4      | Reached XP level 7. HP: 50/50 MP: 7/12
  4862 | D:5      | Entered Level 5 of the Dungeon
  5080 | D:5      | Reached skill level 6 in Conjurations
  5351 | D:5      | Reached XP level 8. HP: 26/55 MP: 7/15
  5360 | D:5      | Reached skill level 5 in Spellcasting
  5702 | D:5      | Found a sacrificial altar of Ru.
  6378 | D:5      | Reached skill level 7 in Conjurations
  6378 | D:5      | Reached skill level 1 in Hexes
  6378 | D:5      | Reached skill level 1 in Translocations
  6745 | D:5      | Noticed Edmund
  6751 | D:5      | Killed Edmund
  7004 | D:6      | Reached XP level 9. HP: 61/61 MP: 12/18
  7007 | D:6      | Noticed Blork the orc
  7013 | D:6      | Killed Blork the orc
  7198 | D:6      | Identified the +6 falchion of Sequestration {vamp, rF-
                  | Int+8}
  7198 | D:6      | Noticed Menkaure
  7374 | D:6      | Found a staircase to the Ecumenical Temple.
  7543 | Temple   | Entered the Ecumenical Temple
  7660 | Temple   | Became a worshipper of Vehumet
  7709 | D:6      | Reached skill level 8 in Conjurations
  8145 | D:6      | Killed Menkaure
  8441 | D:7      | Reached * piety under Vehumet
  8441 | D:7      | Offered knowledge of Shock by Vehumet.
  8468 | D:7      | Reached skill level 9 in Conjurations
  8824 | D:7      | Found an ancient bone altar of Kikubaaqudgha.
  9040 | D:7      | Noticed Joseph
  9320 | D:7      | Reached XP level 10. HP: 66/66 MP: 12/21
  9770 | D:7      | Found an ancient bone altar of Kikubaaqudgha.
 10305 | D:7      | Noticed Harold
 10316 | D:7      | Killed Harold
 10317 | D:7      | Reached skill level 10 in Conjurations
 10348 | D:7      | Killed Joseph
 10348 | D:7      | Reached ** piety under Vehumet
 10510 | D:7      | Offered knowledge of Foxfire by Vehumet.
 10868 | D:8      | Found Pafoeg's Assorted Antiques.
 10890 | D:8      | Found a bloodstained altar of Trog.
 11904 | D:9      | Reached XP level 11. HP: 72/72 MP: 19/24
 12043 | D:9      | Offered knowledge of Frozen Ramparts by Vehumet.
 12050 | D:9      | Learned a level 5 spell: Bolt of Magma
 12053 | D:9      | Noticed a cyclops
 12073 | D:9      | Killed a cyclops
 12161 | D:9      | Noticed a two-headed ogre
 12167 | D:9      | Reached skill level 1 in Fire Magic
 12167 | D:9      | Reached skill level 1 in Earth Magic
 12168 | D:9      | Killed a two-headed ogre
 12511 | D:9      | Noticed a death knight
 12524 | D:9      | Killed a death knight
 12902 | D:9      | Noticed a yaktaur captain
 12911 | D:9      | Noticed a stone giant
 12912 | D:9      | Mangled by a yaktaur captain

Illustrated notes

Levels and vault maps discovered:
D:1:      nzn_arrival_depleted_hourglass, layout_basic
D:2:      layout_basic, grunt_ministairs_2
D:3:      layout_loops_cross, ebering_ghost_sewer_d, uniq_grinder
D:4:      layout_loops_cross, serial_shops, nicolae_shop_overgrown_old_shop
D:5:      cheibrodos_fzero, layout_basic, nicolae_ru_path_of_blood, uniq_edmund
D:6:      layout_rooms, minmay_temple_entry_drinking_statues, uniq_menkaure,
          uniq_blork_the_orc
D:7:      layout_basic, kiku_gazebo_pond_becter,
          lemuel_mausoleum_altar_kikubaaqudgha, uniq_joseph, uniq_harold
D:8:      layout_cave_pods, serial_shops, nicolae_shop_crystal,
          minmay_misc_feat_rows, trog_ov_bears_minmay
D:9:      nzn_winding_woodlands_cross [nzn_winding_woodlands_5x15_sawtooth,
          nzn_winding_woodlands_5x15_concentric,
          nzn_winding_woodlands_5x15_garden, nzn_winding_woodlands_5x15_jagged,
          nzn_winding_woodlands_15x15_thick_spiral], layout_loops_corners,
          orc_0_dummy
Temple:   kilobyte_greek_temple

Skill      XL: |  1  2  3  4  5  6  7  8  9 10 11 |
---------------+----------------------------------+-----
Fighting       | 1 2 3 4 5 6 |  6.5
Spellcasting   | 3 4 6 7 9 |  9.5
Conjurations   | 5 6 7 9 10 | 10.9
Hexes          | 2 3 4 |  4.0
Translocations | 2 4 |  4.0
Fire Magic     | 2 |  2.1
Earth Magic    | 2 |  2.0
Dodging        | |  2.0
Stealth        | |  2.6

Action                   |  1- 3 |  4- 6 |  7- 9 | 10-12 || total
-------------------------+-------+-------+-------+-------++-------
Melee: Unarmed           |    54 |       |       |       ||    54
       Constrict         |    19 |    17 |    16 |    14 ||    66
       Tentacles         |    10 |     9 |    10 |    18 ||    47
       Dagger            |    19 |    52 |    30 |       ||   101
       Mace              |       |    14 |    13 |    11 ||    38
       Falchion          |       |       |    16 |    51 ||    67
Throw: Dart              |       |       |     1 |     2 ||     3
 Cast: Magic Dart        |    24 |     6 |    19 |     2 ||    51
       Searing Ray       |     3 |    17 |    36 |    14 ||    70
       Fulminant Prism   |       |       |    20 |    18 ||    38
       Iskenderun's Myst |       |       |     5 |     9 ||    14
       Bolt of Magma     |       |       |       |     4 ||     4
  Use: Scroll            |       |    10 |     4 |     1 ||    15
 Stab: Sleeping          |     2 |     7 |     3 |     3 ||    15
Armor: Skin              |     6 |     4 |     2 |     5 ||    17
Dodge: Dodged            |    61 |    39 |    61 |    62 ||   223
       Rpst.: Falchion   |       |       |     5 |    16 ||    21
